 Seeded DCSS version 0.28.0-53-g5a82cb258f (webtiles) character file.

Game seed: 10231752843628650358 (custom seed)

10111 Kranky the Fighter (level 11, -3/81 HPs)
             Began as an Octopode Fighter on June 20, 2022.
             Was a Follower of Okawaru.
             Slain by an ice devil (6 damage)
             ... in an ice cave.
             The game lasted 00:28:47 (15421 turns).

Kranky the Fighter (Octopode Fighter)              Turns: 15421, Time: 00:28:48

Health: -3/81      AC:  1    Str: 19    XL:     11   Next: 57%
Magic:  11/11      EV: 21    Int: 12    God:    Okawaru [*.....]
Gold:   416        SH: 10    Dex: 23    Spells: 10/10 levels left

rFire   x . .      SeeInvis +   g - +4 spear of Xithrir {chaos, *Noise rElec Str+4 Dex+2 Stlth+}
rCold   + + .      Faith    .   l - +3 warlock's mirror {reflect}
rNeg    . . .      Spirit   .   (helmet restricted)
rPois   .          Reflect  +   (no amulet)
rElec   +          Harm     .   e - +4 ring of evasion
rCorr   .          Rampage  .   y - ring of see invisible
Will    .....                   H - +6 ring of dexterity
Stlth   +++++.....              L - ring of protection from cold
HPRegen 0.23/turn               a - ring of ice
MPRegen 0.12/turn               (no ring)
                                (no ring)
                                (no ring)

@: no status effects
A: almost no armour, amphibious, 8 rings, camouflage 1, gelatinous body 1,
(nimble swimmer 1), tentacles
a: Renounce Religion, Heroism


You were in an ice cave.
You worshipped Okawaru.
Okawaru was aware of your devotion.
You visited 3 branches of the dungeon, and saw 13 of its levels.
You also visited: Ossuary and Ice Cave.

You collected 602 gold pieces.
You spent 186 gold pieces at shops.

Inventory:

Hand Weapons
 g - the +4 spear of Xithrir (weapon) {chaos, *Noise rElec Str+4 Dex+2 Stlth+}
   (You found it on level 5 of the Dungeon)

   Each time it hits an enemy it has a different, random effect.
   Str:       It affects your strength (+4).
   Dex:       It affects your dexterity (+2).
   rElec:     It insulates you from electricity.
   *Noise:    It may make noises in combat.
   Stlth:     It makes you more stealthy.
 k - a +2 hand axe of freezing
Missiles
 E - a throwing net (quivered)
 F - 9 poisoned darts
Armour
 b - a +0 buckler
 l - the +3 warlock's mirror (worn) {reflect}
   (You found it on level 3 of the Dungeon)

   It can block and reflect piercing ranged attacks and magical attacks against
   the wielder's willpower.
Jewellery
 a - a ring of ice (on tentacle)
 e - a +4 ring of evasion (left tentacle)
 y - a ring of see invisible (right tentacle)
 H - a +6 ring of dexterity (on tentacle)
 L - a ring of protection from cold (on tentacle)
Wands
 v - a wand of paralysis (8)
 z - a wand of iceblast (10)
 C - a wand of acid (8)
Scrolls
 m - 3 scrolls of holy word {unknown}
 o - 11 scrolls of teleportation
 q - 2 scrolls of magic mapping
 w - 3 scrolls of noise {unknown}
 x - a scroll of blinking
 B - a scroll of immolation {unknown}
 D - a scroll of enchant armour {unknown}
 G - a scroll of summoning {unknown}
 I - a scroll of fear {unknown}
 K - a scroll of enchant weapon {unknown}
 M - a scroll of vulnerability {unknown}
 N - a scroll of brand weapon {unknown}
 O - a scroll of torment {unknown}
Potions
 c - 3 potions of might
 d - 11 potions of curing
 f - 5 potions of flight
 h - 2 potions of heal wounds
 i - 2 potions of invisibility
 j - 2 potions of haste
 n - a potion of ambrosia {unknown}
 p - 2 potions of cancellation
 r - 2 potions of attraction
 s - 4 potions of degeneration
 t - 2 potions of magic
 u - 6 potions of lignification
 A - 2 potions of berserk rage {unknown}
 J - a potion of brilliance {unknown}


   Skills:
 - Level 10.0 Fighting
 - Level 2.0 Maces & Flails
 - Level 9.0 Polearms
 * Level 5.6 Throwing
 + Level 6.2 Dodging
 + Level 4.1 Stealth
 + Level 8.2 Shields
 - Level 5.0 Evocations


You had 10 spell levels left.
You didn't know any spells.
Your spell library contained the following spells:

 Spells                   Type           Power      Damage    Failure   Level
 Apportation              Tloc           0%         N/A       38%         1
 Beastly Appendage        Tmut           0%         N/A       38%         1
 Scorch                   Fire           0%         2d5       52%         2
 Static Discharge         Conj/Air       0%         N/A       52%         2
 Wereblood                Tmut           0%         N/A       52%         2
 Dazzling Flash           Conj/Hex       0%         N/A       77%         3
 Ignite Poison            Fire/Tmut/Pois 0%         N/A       77%         3
 Mephitic Cloud           Conj/Pois/Air  0%         N/A       77%         3
 Spider Form              Tmut/Pois      0%         N/A       77%         3
 Flame Wave               Conj/Fire      0%         2d4       99%         4
 Hailstorm                Conj/Ice       0%         3d3       99%         4
 Ice Form                 Ice/Tmut       0%         N/A       99%         4
 Agony                    Necr           0%         N/A       100%        5
 Freezing Cloud           Conj/Ice/Air   0%         6-21      100%        5
 Lightning Bolt           Conj/Air       0%         1d11      100%        5
 Silence                  Hex/Air        0%         N/A       100%        5
 Maxwell's Capacitive Co  Air            0%         ∞         100%        8
 Animate Skeleton         Necr           Unusable   N/A       N/A         1
 Summon Small Mammal      Summ           Unusable   N/A       N/A         1
 Simulacrum               Ice/Necr       Unusable   N/A       N/A         6
 Summon Cactus Giant      Summ           Unusable   N/A       N/A         6

Dungeon Overview and Level Annotations

Branches:
Dungeon (11/15)            Temple (1/1) D:6            Lair (1/6) D:8
    Orc (0/2) D:10        Ossuary (visited)           IceCv (1/1)

Altars:
Ashenzari
Cheibriados
Dithmenos
Elyvilon
Fedhas
Gozag
Hepliaklqana
Kikubaaqudgha
Makhleb
Nemelex Xobeh
Okawaru
Qazlal
Ru
Sif Muna
Trog
Uskayaw
Vehumet
Wu Jian
Xom
Yredelemnul
Zin
The Shining One
Beogh

Shops:
D:2 !   D:4 !   D:6 ?   D:8 [   D:9 [

Annotations:
D:9 3 runed translucent doors, Rsteiner's ghost, novice DsFi
D:10 1 runed translucent door, Wentworth's ghost, journeyman MiFi


Innate Abilities, Weirdness & Mutations

You cannot wear most types of armour.
You are amphibious.
You can wear up to eight rings at the same time.
Your skin changes colour to match your surroundings (Stealth+).
Your rubbery body absorbs attacks. (AC +1, EV +1)
((You are camouflaged when in or above water. (Stealth+)))
You have tentacles for arms and can constrict up to eight enemies at once.


Message History

You constrict the ice devil, but do no damage.
You hit the ice devil but do no damage.
The ice devil is almost dead.
You constrict the ice devil. You block the ice devil's attack.
You hit the ice devil but do no damage.
The ice devil is almost dead.
You constrict the ice devil, but do no damage.
The ice devil barely misses you.
You hit the ice devil but do no damage.
The ice devil is devoured by a tear in reality.
You lose your grip on the ice devil.
Your Stealth skill increases to level 4!
You start resting.
An ice devil is nearby!
You close the door.
You start resting.
An ice devil opens the door.
Reach: g) +4 spear of Xithrir {chaos, *Noise rElec Str+4 Dex+2 Stlth+}
Press: ? - help, Dir - move target, f - ice devil
Aim: an ice devil (about 25% to evade the +4 spear of Xithrir)
You reach to attack!
You barely miss the ice devil. You hit the ice devil but do no damage.
The ice devil is poisoned.
You grab the ice devil.
You constrict the ice devil, but do no damage.
You hit the ice devil.
The ice devil is lightly wounded.
You constrict the ice devil, but do no damage.
You block the ice devil's attack.
You hit the ice devil. You burn the ice devil.
The ice devil is moderately wounded.
You constrict the ice devil. You block the ice devil's attack.
You hit the ice devil but do no damage.
The ice devil seems to grow stronger.
The ice devil is moderately wounded.
You constrict the ice devil. You hit the ice devil but do no damage.
Your squeeze misses the ice devil.
The ice devil is moderately wounded.
You constrict the ice devil. The ice devil hits you!!
* * * LOW HITPOINT WARNING * * *
The ice devil freezes you. You resist.
You die...

#.8...8.#
+.......+
#+#...#'# #...#.#
#...### #...#
##'#4..# #
#⌠$##4## ⌠#
###.4#.@.#4.# #
#.####...####.#
##.............#
#...............#
#...............#
#.......⌠.......#
#...............#
#...............#
##.............#


You could see 2 ice devils.

Vanquished Creatures
  A two-headed ogre (D:10)
  Pikel (D:6)
  A manticore (D:11)
  2 ice statues (IceCv)
  A cane toad (shapeshifter) (D:10)
  Maggie (D:7)
  5 ice devils (IceCv)
  2 trolls
  A hornet (D:8)
  A vampire (D:10)
  A dire elephant simulacrum (IceCv)
  2 wyverns
  2 steam dragons (D:9)
  3 vampire mosquitoes (D:10)
  2 wargs (D:8)
  A water moccasin (D:6)
  3 acid dragons
  3 orc warriors
  An ice beast (D:8)
  An ogre (D:7)
  2 necrophages
  A centaur (D:8)
  6 wolves
  2 lemures (D:6)
  A kobold brigand (D:10)
  4 bullfrogs
  A gnoll sergeant (D:3)
  A two-headed ogre simulacrum (IceCv)
  A wyvern skeleton (D:7)
  A water moccasin skeleton (D:5)
  4 wights (D:8)
  4 howler monkeys
  2 jellies
  2 bullfrog zombies
  A centaur zombie (Ossuary)
  4 orc priests
  Crazy Yiuf (D:2)
  A gnoll shaman (D:8)
  5 hounds
  A human zombie (Ossuary)
  2 centaur skeletons
  Terence (D:1)
  2 iguanas
  6 orc wizards
  A troll simulacrum (IceCv)
  A polar bear simulacrum (IceCv)
  3 mummies
  2 howler monkey zombies
  13 gnolls
  A naga simulacrum (IceCv)
  10 adders
  3 white imps (D:7)
  An ufetubus (D:4)
  2 adder zombies (Ossuary)
  3 worms
  5 dart slugs
  65 orcs
  3 bats
  10 endoplasms
  2 giant cockroaches (D:1)
  9 hobgoblins
  10 jackals
  2 quokkas
  14 ball pythons
  7 frilled lizards
  3 goblins
  3 goblin zombies (Ossuary)
  11 hobgoblin zombies
  2 jackal zombies (Ossuary)
  12 kobolds
  10 kobold zombies
  10 orc zombies
  3 rats
  A rat zombie (Ossuary)
313 creatures vanquished.

Vanquished Creatures (collateral kills)
  A centaur (D:8)
  A centaur zombie (D:8)
  An orc (D:8)
3 creatures vanquished.

Vanquished Creatures (others)
  A gnoll (D:8)
  A demonic plant (D:2)
  A plant (D:8)
3 creatures vanquished.

Grand Total: 319 creatures vanquished

Notes
Turn   | Place    | Note
-------+----------+-------------------------------------------
     0 | D:1      | Kranky the Octopode Fighter began the quest for the Orb.
     0 | D:1      | Reached XP level 1. HP: 16/16 MP: 1/1
   133 | D:1      | Reached skill level 1 in Stealth
   133 | D:1      | Reached XP level 2. HP: 21/21 MP: 2/2
   422 | D:1      | Reached XP level 3. HP: 19/27 MP: 3/3
  1204 | D:2      | Found Fyegoneg's Distillery.
  1218 | D:2      | Noticed Terence
  1535 | D:1      | Killed Terence
  1536 | D:1      | Reached skill level 4 in Fighting
  1536 | D:1      | Reached XP level 4. HP: 21/34 MP: 4/4
  1657 | D:2      | Found a white marble altar of Elyvilon.
  2084 | D:2      | Reached skill level 5 in Fighting
  2084 | D:2      | Reached XP level 5. HP: 39/39 MP: 5/5
  2094 | D:2      | Found a faded altar of an unknown god.
  2094 | D:2      | Noticed a Tzitzimitl
  2150 | D:2      | Found a runed translucent door.
  2151 | D:2      | Noticed Crazy Yiuf
  2216 | D:2      | Killed Crazy Yiuf
  2429 | D:3      | Found the +3 warlock's mirror {reflect}
  2435 | D:3      | Reached XP level 6. HP: 45/45 MP: 6/6
  2967 | D:3      | Reached skill level 6 in Fighting
  3917 | D:4      | Reached XP level 7. HP: 37/52 MP: 7/7
  3981 | D:4      | Found Icek's Distillery.
  4071 | D:4      | Bought a potion of curing for 33 gold pieces
  4170 | D:4      | Found a snail-covered altar of Cheibriados.
  4172 | D:4      | Noticed a torpor snail
  4693 | D:5      | Entered Level 5 of the Dungeon
  4969 | D:5      | Found a sand-covered staircase.
  4974 | Ossuary  | Entered an ossuary
  5482 | D:5      | Reached skill level 5 in Dodging
  5484 | D:5      | Identified the +4 spear of Xithrir {chaos, *Noise rElec
                  | Str+4 Dex+2 Stlth+}
  5500 | D:5      | Reached skill level 7 in Fighting
  5597 | D:5      | Reached XP level 8. HP: 60/60 MP: 8/8
  6480 | D:6      | Found a staircase to the Ecumenical Temple.
  6537 | Temple   | Entered the Ecumenical Temple
  6744 | D:6      | Found an ornate altar of the Wu Jian Council.
  6946 | D:6      | Reached skill level 1 in Polearms
  7067 | D:6      | Found Mafau's Magic Scroll Shop.
  7073 | D:6      | Reached skill level 5 in Shields
  7090 | D:6      | Bought a scroll of blinking for 82 gold pieces
  7090 | D:6      | Bought a scroll of magic mapping for 38 gold pieces
  7090 | D:6      | Bought a scroll of teleportation for 33 gold pieces
  7507 | D:6      | Noticed Pikel
  7514 | D:6      | Killed Pikel
  7515 | D:6      | Reached skill level 8 in Fighting
  7515 | D:6      | Reached XP level 9. HP: 48/66 MP: 9/9
  7792 | D:7      | Found a shimmering altar of Xom.
  7792 | D:7      | Found a white marble altar of Elyvilon.
  7813 | D:7      | Found an iron altar of Okawaru.
  7861 | D:7      | Noticed Maggie
  7872 | D:7      | Killed Maggie
  7873 | D:7      | Reached skill level 5 in Polearms
  9059 | D:8      | Found Vemoadas's Antique Armour Emporium.
  9139 | D:8      | Found a staircase to the Lair.
  9994 | D:8      | Reached XP level 10. HP: 72/72 MP: 10/10
 10742 | D:8      | Noticed a lindwurm
 11126 | D:9      | Found a runed translucent gate.
 11128 | D:9      | Found a runed translucent gate.
 11128 | D:9      | Found an opulent altar of Gozag.
 11227 | D:9      | Found a runed translucent gate.
 11228 | D:9      | Noticed Rsteiner's ghost (novice DsFi)
 11228 | D:9      | Noticed an eight-headed hydra
 11228 | D:9      | Noticed a five-headed hydra
 11391 | D:9      | Found Wugho's Armour Emporium.
 11601 | D:10     | Entered Level 10 of the Dungeon
 11602 | D:10     | Found a bloodstained altar of Trog.
 11763 | D:10     | Noticed a cane toad
 11763 | D:10     | a shapeshifter changed into a cane toad
 11771 | D:10     | Killed a cane toad
 11772 | D:10     | Reached skill level 1 in Evocations
 11895 | D:10     | Noticed Wentworth's ghost (journeyman MiFi)
 11908 | D:10     | Reached skill level 9 in Fighting
 12028 | D:10     | Noticed a two-headed ogre
 12040 | D:10     | Killed a two-headed ogre
 12058 | D:10     | Found a staircase to the Orcish Mines.
 12208 | D:10     | You fall into a shaft and drop 1 floor!
 12438 | D:10     | Reached XP level 11. HP: 40/81 MP: 11/11
 12725 | D:10     | Found a runed translucent door.
 12868 | D:10     | Reached skill level 1 in Throwing
 13128 | D:11     | Noticed a four-headed hydra
 13129 | D:11     | Noticed a cyclops
 13297 | D:11     | Noticed a manticore
 13570 | D:11     | Killed a manticore
 13571 | D:11     | Reached skill level 10 in Fighting
 13571 | D:11     | Reached skill level 5 in Evocations
 13940 | D:7      | Became a worshipper of Warmaster Okawaru
 14038 | Lair:1   | Entered Level 1 of the Lair of Beasts
 14038 | Lair:1   | Found a frozen archway.
 14386 | D:8      | Noticed a lindwurm
 14422 | IceCv    | Entered an ice cave
 14491 | IceCv    | Reached * piety under Okawaru
 14566 | IceCv    | Reached skill level 5 in Throwing
 15421 | IceCv    | HP: 3/81 [ice devil (23)]
 15421 | IceCv    | Slain by an ice devil

Illustrated notes

Levels and vault maps discovered:
D:1:      tarquinn_simple_flora_water_c, layout_basic
D:2:      layout_rooms, serial_shops, nicolae_shop_crystal,
          dreamdust_ecumenical_altar_sealed_demon, basic_altar,
          chequers_mini_garden, uniq_terence, uniq_crazy_yiuf_cottage
D:3:      kennysheep_big_flooded_room, layout_basic, kennysheep_minor_cross,
          minmay_fractal_squares_5
D:4:      layout_layer_cave, cheibriados_altar_2, serial_shops,
          nicolae_stop_n_shop_1
D:5:      layout_cave_pods, nicolae_ossuary_entry_plus, minmay_mini_ossuary
D:6:      layout_loops_ring, lemuel_round_altar, minmay_temple_entry_mist,
          serial_shops, nicolae_shop_trees, grunt_decor_mini_mirrors, uniq_pikel
D:7:      layout_loops_ring, chequers_temple_overflow_statue_of_worship,
          hangedman_abyss_or_decor_lesser_grid, kennysheep_generic_room_4,
          uniq_maggie
D:8:      layout_basic, erik_lair_orcish_takeover, serial_shops,
          nicolae_shop_waterfront, minmay_lindwurm_lava
D:9:      layout_roguey, serial_shops, shop_statue, ebering_ghost_gozag
D:10:     layout_roguey, mainiacjoe_overflow_catwalk, orc_0_dummy,
          hellmonk_ghost_happy_afterlife, special_room [special_room_orc]
D:11:     layout_roguey
Temple:   eino_temple_scatter_basement
Lair:1:   minmay_lair_oklob_tunnel, layout_cave_shapes,
          portal_ice_cave_entry_pillars_2, st_stairs_6, uniq_sonja
IceCv:    ice_cave_tombish

Skill      XL: |  1  2  3  4  5  6  7  8  9 10 11 |
---------------+----------------------------------+-----
Stealth        | 1 2 3 4 |  4.1
Fighting       | 4 5 6 7 8 9 10 | 10.0
Dodging        | 5 6 |  6.2
Shields        | 4 6 7 8 |  8.2
Polearms       | 3 7 9 |  9.0
Evocations     | 4 5 |  5.0
Throwing       | 5 |  5.6
Maces & Flails | |  2.0

Action                   |  1- 3 |  4- 6 |  7- 9 | 10-12 || total
-------------------------+-------+-------+-------+-------++-------
Melee: Flail             |    74 |       |       |       ||    74
       Constrict         |    17 |    32 |    80 |    38 ||   167
       Tentacles         |     9 |    21 |    72 |   107 ||   209
       Punch             |     1 |     1 |     7 |     8 ||    17
       Hand axe          |       |   125 |   132 |       ||   257
       Spear             |       |       |   190 |   456 ||   646
Throw: Throwing net      |       |       |       |     1 ||     1
Evoke: Wand              |       |       |       |     3 ||     3
  Use: Scroll            |       |       |     5 |     4 ||     9
       Potion            |       |       |       |     2 ||     2
 Stab: Sleeping          |     7 |    10 |     9 |    13 ||    39
       Confused          |       |       |     2 |       ||     2
       Distracted        |       |       |     4 |     6 ||    10
       Paralysed         |       |       |       |     7 ||     7
       Petrifying        |       |       |       |     2 ||     2
       Petrified         |       |       |       |     1 ||     1
Armor: Skin              |     5 |     2 |     9 |     4 ||    20
Dodge: Dodged            |    65 |    68 |   157 |   168 ||   458
Block: Buckler           |    18 |    25 |    77 |    98 ||   218
       Reflection        |       |       |     3 |     4 ||     7
